 Dungeon Crawl Stone Soup version 0.18.1-48-g4cf74bf (webtiles) character file.

8 torvon the Sneak (level 2, -2/15 HPs)
             Began as a Vine Stalker Assassin on Aug 7, 2016.
             Slain by a gnoll
             ... wielding a +0 halberd
              (8 damage)
             ... on level 1 of the Dungeon.
             The game lasted 00:02:57 (309 turns).

torvon the Sneak (Vine Stalker Assassin)             Turns: 309, Time: 00:02:58

Health: -2/15      AC:  2    Str: 13    XL:     2   Next: 8%
Magic:  0/3        EV: 12    Int: 11    God:
Gold:   23         SH:  0    Dex: 15    Spells: 0 memorised, 1 level left

rFire  . . .     SeeInvis .     a - +2 dagger
rCold  + . .     Gourm    .     c - +0 robe
rNeg   . . .     Faith    .     (no shield)
rPois  .         Spirit   +     (no helmet)
rElec  .         Dismiss  .     d - +0 cloak
rCorr  .         Reflect  .     (no gloves)
SustAt .         Harm     .     (no boots)
MR     .....                    (no amulet)
Stlth  +++.......               (no ring)
                                (no ring)

@: not resistant to hostile enchantments, fairly stealthy
A: fangs 2, talons 1, cold resistance 1, deformed body, regeneration 1, magic
shield, antimagic bite, no device heal 3, rot immunity
a: no special abilities


You were on level 1 of the Dungeon.
You were not hungry.

You visited 1 branch of the dungeon, and saw 1 of its levels.

You collected 23 gold pieces.

Inventory:

Hand Weapons
 a - a +2 dagger (weapon)
 b - a +0 blowgun
 o - a +0 short sword
Missiles
 e - 8 poisoned needles
 f - 2 curare-tipped needles
 l - 14 arrows
Armour
 c - a +0 robe (worn)
 d - a +0 cloak (worn)
Scrolls
 h - 2 scrolls of identify
 n - a scroll of recharging {unknown}
Potions
 i - a potion of cure mutation {unknown}
 j - a potion of mutation
 m - 2 potions of agility
Comestibles
 g - a bread ration
 k - a meat ration


   Skills:
 + Level 1.7 Fighting
 + Level 1.8 Short Blades
 + Level 1.8 Throwing
 + Level 1.1 Dodging
 + Level 5.1 Stealth


You had one spell level left.
You didn't know any spells.

Dungeon Overview and Level Annotations

Branches:
Dungeon (1/15)

Altars:


Innate Abilities, Weirdness & Mutations

You have extremely sharp teeth.
Your natural rate of healing is unusually fast.
When hurt, damage is shared between your health and your magic reserves.
Your bite disrupts and absorbs the magic of your enemies.
Potions and wands cannot restore your health.
You are immune to rotting.
You have sharp toenails.
Your flesh is cold resistant.
Armour fits poorly on your strangely shaped body.


Message History

The gnoll shouts!
You hit the giant newt.
You kill the giant newt!
The kobold moves out of view.
A dart slug comes into view.
The gnoll barely misses you. The gnoll closely misses you.
The kobold shouts!
You hit the gnoll but do no damage. You claw the gnoll, but do no damage.
You bite the gnoll. You drain its power.
The gnoll is lightly wounded.
The kobold throws a stone.
The stone hits you but does no damage. The gnoll hits you with a halberd!
You hit the gnoll but do no damage. You bite the gnoll, but do no damage.
The gnoll is lightly wounded.
You hit the gnoll. You claw the gnoll, but do no damage.
The gnoll is heavily wounded.
The gnoll hits you with a halberd!
Ouch! That really hurt!
You die...

#.#
#.######.##
#..
#.....†...#
.# ##.
###.####..#
.# . #.#
##..###.#####
#. ###
#............
#...†...K....
#............
#............
#....@g......
#.......w....
#............
# ##
#............
## ..
##.##########
.##.# #.
..#.# #.
....# #.
....#


You could see a gnoll, a dart slug and a kobold.

Vanquished Creatures
  A giant gecko (D:1)
  A bat (D:1)
  A giant cockroach (D:1)
  2 giant newts (D:1)
  2 kobolds (D:1)
  A rat (D:1)
8 creatures vanquished.

Notes
Turn   | Place    | Note
--------------------------------------------------------------
     0 | D:1      | torvon the Vine Stalker Assassin began the quest for the Orb.
     0 | D:1      | Reached XP level 1. HP: 11/11 MP: 2/2
    44 | D:1      | Gained mutation: You have sharp toenails. [potion of mutation]
    44 | D:1      | Gained mutation: Armour fits poorly on your strangely shaped body. [potion of mutation]
    44 | D:1      | Gained mutation: Your flesh is cold resistant. [potion of mutation]
    94 | D:1      | Reached skill level 1 in Dodging
    94 | D:1      | Reached skill level 5 in Stealth
   288 | D:1      | Reached XP level 2. HP: 15/15 MP: 3/3
   309 | D:1      | Slain by a gnoll

Skill      XL: |  1 |
---------------+----+-----
Dodging        | 1 |  1.1
Stealth        | 5 |  5.1
Fighting       | |  1.7
Short Blades   | |  1.8
Throwing       | |  1.8

Action                   || total
-------------------------++-------
Melee: Dagger            ||    17
       Bite              ||     4
       Kick              ||     5
  Use: Scroll            ||     1
       Potion            ||     1
 Stab: Sleeping          ||     2
Armor: Robe              ||     3
Dodge: Dodged            ||    15
